 Dungeon Crawl Stone Soup version 0.19-a0-1185-gacb3972 (webtiles) character file.

232 Gagarin the Poker (level 6, -3/48 HPs)
             Began as a Merfolk Gladiator on Aug 18, 2016.
             Slain by Pikel
             ... wielding a +0 whip of electrocution
              (11 damage)
             ... on level 4 of the Dungeon.
             The game lasted 00:14:04 (2702 turns).

Gagarin the Poker (Merfolk Gladiator)               Turns: 2702, Time: 00:14:06

Health: -3/48      AC:  8    Str: 16    XL:     6   Next: 4%
Magic:  6/6        EV: 15    Int:  9    God:
Gold:   125        SH:  0    Dex: 14    Spells: 0 memorised, 5 levels left

rFire  . . .     SeeInvis .     a - +0 trident
rCold  . . .     Gourm    .     b - +0 leather armour
rNeg   . . .     Faith    .     (no shield)
rPois  .         Spirit   .     c - +2 helmet
rElec  .         Dismiss  .     p - +0 cloak
rCorr  .         Reflect  .     v - +0 pair of gloves
MR     .....     Harm     .     (no boots)
Stlth  ++........               (no amulet)
                                (no ring)
                                (no ring)

@: no status effects
A: change form in water, swift swim
a: no special abilities


You were on level 4 of the Dungeon.
You were not hungry.

You visited 1 branch of the dungeon, and saw 4 of its levels.

You collected 125 gold pieces.

Inventory:

Hand Weapons
 a - a +0 trident (weapon)
 q - a +0 spear
Armour
 b - a +0 leather armour (worn)
 c - a +2 helmet (worn)
 p - a +0 cloak (worn)
 v - a +0 pair of gloves (worn)
Scrolls
 e - 2 scrolls of enchant armour
 g - a scroll of teleportation {unknown}
 i - a scroll of identify
 s - a scroll of recharging {unknown}
Potions
 j - 4 potions of curing
 k - a potion of ambrosia {unknown}
 m - 2 potions of heal wounds
 o - a potion of might {unknown}
 r - a potion of mutation {unknown}
 u - a potion of resistance {unknown}
Comestibles
 f - 5 bread rations
 h - 5 chunks of flesh
 l - 2 meat rations
 n - 3 fruits
 t - a beef jerky


   Skills:
 + Level 3.7 Fighting
 + Level 5.9 Polearms
 - Level 2.2 Throwing
 + Level 5.7 Dodging
 + Level 2.8 Stealth


You had 5 spell levels left.
You didn't know any spells.

Dungeon Overview and Level Annotations

Branches:
Dungeon (4/15)
 Temple: D:4-7

Altars:
Elyvilon

Shops:
D:4 *

Annotations:
D:4 Pikel


Message History

You hit Pikel but do no damage.
Pikel is almost dead.
Pikel hits you but does no damage.
You are electrocuted!
You closely miss Pikel.
Pikel is almost dead.
Pikel misses you.
You hit Pikel but do no damage.
Pikel is almost dead.
Pikel hits you but does no damage.
You are electrocuted!
* * * LOW HITPOINT WARNING * * *
Throwing (i - inventory):
d - a throwing net (quivered)
Press: ? - help, Shift-Dir - straight line, f/p - Pikel
Aim: Pikel, wielding a whip of electrocution and wearing a robe (almost dead)
You throw a throwing net. The throwing net closely misses Pikel.
The throwing net closely misses the slave.
The throwing net hits the slave.
The slave is caught in the net!
Pikel hits you with a whip of electrocution.
* * * LOW HITPOINT WARNING * * *
You are electrocuted!
You die...

#..# #. #..# #p
#..###### #p
#.......# #p
##.####.# #K #.#
#.# #. #.# #.#
#p#######.####.#
#pppK@....#....#
###########.####
#.# #.# #.# #.#
#.# #.#########
#.........#


You could see Pikel and 4 slaves.

Vanquished Creatures
  Jessica (D:3)
  Natasha (thrice) (D:3)
  5 adders
  3 worms
  2 dart slugs (D:2)
  3 giant geckos (D:3)
  2 ball pythons (D:2)
  7 giant cockroaches
  6 goblins
  8 hobgoblins
  7 jackals
  A quokka (D:3)
  6 bats
  4 giant newts
  8 kobolds
  7 rats
73 creatures vanquished.

Notes
Turn   | Place    | Note
-------+----------+-------------------------------------------
     0 | D:1      | Gagarin the Merfolk Gladiator began the quest for the Orb.
     0 | D:1      | Reached XP level 1. HP: 16/16 MP: 1/1
    62 | D:1      | Reached XP level 2. HP: 22/22 MP: 2/2
   193 | D:1      | Reached skill level 5 in Polearms
   311 | D:1      | Reached XP level 3. HP: 25/28 MP: 3/3
   721 | D:2      | Reached skill level 1 in Stealth
   952 | D:2      | Reached XP level 4. HP: 21/34 MP: 4/4
  1578 | D:2      | Reached skill level 5 in Dodging
  1792 | D:3      | Noticed Natasha
  1801 | D:3      | Killed Natasha
  1887 | D:3      | Reached XP level 5. HP: 35/41 MP: 5/5
  1925 | D:3      | Found a white marble altar of Elyvilon.
  2144 | D:3      | Noticed Jessica
  2162 | D:3      | Killed Jessica
  2385 | D:3      | Noticed Natasha
  2403 | D:3      | Killed Natasha
  2500 | D:3      | Noticed Natasha
  2522 | D:3      | Killed Natasha
  2522 | D:3      | Reached XP level 6. HP: 37/48 MP: 6/6
  2596 | D:4      | Found Aceofun's Assorted Antiques.
  2674 | D:4      | Noticed Pikel
  2674 | D:4      | Noticed a slave
  2674 | D:4      | Noticed a slave
  2674 | D:4      | Noticed a slave
  2674 | D:4      | Noticed a slave
  2702 | D:4      | Slain by Pikel

Vault maps used:
D:1:      ncdulo_lavacross, minmay_misc_feat_five, minmay_crystal_room
D:2:      minmay_door_path, first_bread, serial_park_tiny_pond, st_stairs_5
D:3:      serial_bayou_lagoon_a, elyvilon_altar_1, uniq_jessica, uniq_natasha
D:4:      serial_shops, nicolae_shop_trees, uniq_pikel, uniq_crazy_yiuf_cottage

Skill      XL: |  1  2  3  4  5 |
---------------+----------------+-----
Polearms       | 5 |  5.9
Stealth        | 1 2 |  2.8
Dodging        | 5 |  5.7
Fighting       | 3 |  3.7
Throwing       | |  2.2

Action                   |  1- 3 |  4- 6 || total
-------------------------+-------+-------++-------
Melee: Trident           |   145 |   151 ||   296
Throw: Throwing net      |       |     4 ||     4
  Use: Scroll            |       |     5 ||     5
 Stab: Sleeping          |     3 |     4 ||     7
       Held in net/web   |       |     2 ||     2
       Distracted        |       |     1 ||     1
  Eat: Chunk             |       |     6 ||     6
Armor: Leather armour    |    38 |    29 ||    67
Dodge: Dodged            |    85 |    84 ||   169
